 Dungeon Crawl Stone Soup version 0.28-a0-655-g4eb62b627b (webtiles) character file.

Game seed: 11006717975261092977

8135 ytrimaz the Fighter (level 11, 0/101 HPs)
             Began as a Minotaur Berserker on Oct 12, 2021.
             Was a High Priest of Trog.
             Slain by a fire elemental (7 damage)
             ... summoned by a deep elf pyromancer
             ... on level 10 of the Dungeon.
             The game lasted 00:16:24 (11874 turns).

ytrimaz the Fighter (Minotaur Berserker)           Turns: 11874, Time: 00:16:27

Health: 0/101      AC: 18    Str: 25    XL:     11   Next: 5%
Magic:  0/10       EV:  9    Int:  4    God:    Trog [*****.]
Gold:   386        SH:  0    Dex: 16    Spells: 10/10 levels left

rFire   . . .      SeeInvis .   v - +5 flail (holy)
rCold   . . .      Faith    .   (no shield)
rNeg    + . .      Spirit   +   c - +1 plate armour
rPois   .          Reflect  .   (helmet restricted)
rElec   .          Harm     .   a - +2 cloak
rCorr   .          Rampage  .   (no gloves)
Will    .....                   (no boots)
Stlth   ..........              l - amulet of guardian spirit
HPRegen 0.26/turn               j - +6 ring of dexterity
MPRegen 0.12/turn               q - ring of positive energy

@: no status effects
A: horns 2, retaliatory headbutt
a: Renounce Religion, Berserk, Trog's Hand, Brothers in Arms


You were on level 10 of the Dungeon.
You worshipped Trog.
Trog was extremely pleased with you.
You visited 1 branch of the dungeon, and saw 10 of its levels.

You collected 386 gold pieces.

Inventory:

Hand Weapons
 v - a +5 flail of holy wrath (weapon)
 B - the +9 heavy crossbow "Sniper" {vorpal, Acc+∞ SInv}
   (You found it on level 8 of the Dungeon)

   Any ammunition fired from it inflicts extra damage upon your enemies.
   Any ammunition fired from it never misses its target.
   SInv:      It lets you see invisible.
 C - a +0 war axe
 D - a +1 vorpal demon blade
Missiles
 I - 24 bolts
Armour
 a - a +2 cloak (worn)
 c - a +1 plate armour (worn)
 r - the +0 leather armour of the Chupacabra {Int+5}
   (You found it on level 4 of the Dungeon)

   Int:       It affects your intelligence (+5).
 A - a +0 buckler
Jewellery
 j - a +6 ring of dexterity (left hand)
 l - an amulet of guardian spirit (around neck)
 q - a ring of positive energy (right hand)
 t - a ring of see invisible
 w - a ring of flight
Wands
 n - a wand of flame (16)
 z - a wand of charming (9)
 E - a wand of paralysis (10)
 G - a wand of acid (14)
Scrolls
 s - 2 scrolls of teleportation
 x - a scroll of vulnerability
 F - 2 scrolls of identify
 H - a scroll of fog {unknown}
Potions
 b - 2 potions of mutation
 d - a potion of might
 e - a potion of degeneration {unknown}
 f - 3 potions of curing
 g - 4 potions of haste
 h - 2 potions of cancellation
 i - 5 potions of heal wounds {unknown}
 k - 3 potions of magic {unknown}
 m - 2 potions of berserk rage {unknown}
 o - a potion of attraction {unknown}
 p - 2 potions of lignification {unknown}
 u - 3 potions of brilliance {unknown}


   Skills:
 * Level 10.8 Fighting
 - Level 9.6(11.5) Axes
 - Level 10.2(11.8) Maces & Flails
 * Level 3.8 Crossbows
 + Level 8.9 Armour
 * Level 5.0 Dodging
 - Level 4.0 Shields


You had 10 spell levels left.
You didn't know any spells.
Your spell library was empty.

Dungeon Overview and Level Annotations

Branches:
Dungeon (10/15)            Temple (0/1) D:5
   Lair: D:8-11         Orc: D:9-12

Altars:
Gozag
Kikubaaqudgha
Makhleb
Sif Muna
Xom
Yredelemnul

Shops:
D:5 =


Innate Abilities, Weirdness & Mutations

You have a pair of horns on your head.
You reflexively headbutt those who attack you in melee.


Message History

The killer bee stings you but does no damage.
You see here a +0 club.
The killer bee stings you.
You sock the killer bee! You headbutt the killer bee!
You kill the killer bee!
Trog accepts your kill.
Your Dodging skill increases to level 5!
The deep elf pyromancer gestures wildly while chanting.
You see here a +0 club.
You sock the fire elemental!
The fire elemental is moderately damaged.
The deep elf pyromancer points at you and mumbles some strange words.
The bolt of fire hits the fire elemental.
The fire elemental completely resists.
The bolt of fire hits you!! The fire elemental hits you.
The fire elemental burns you!
You hit the fire elemental.
The fire elemental is heavily damaged.
The fire elemental hits you. The fire elemental burns you!
* * * LOW HITPOINT WARNING * * *
Unknown command.
You barely miss the fire elemental.
Your headbutt misses the fire elemental.
The fire elemental is heavily damaged.
The fire elemental hits you. The fire elemental burns you!
* * * LOW HITPOINT WARNING * * *
Unknown command.
You feel better.
The deep elf pyromancer casts a spell at you.
The bolt of fire misses the fire elemental.
The bolt of fire hits you!!
* * * LOW HITPOINT WARNING * * *
The fire elemental hits you. The fire elemental burns you!
* * * LOW HITPOINT WARNING * * *
As you read the scroll of fear, it crumbles to dust.
You assume a fearsome visage.
The fire elemental is unaffected.
The deep elf pyromancer looks frightened!
The deep elf pyromancer mumbles some strange words.
The deep elf pyromancer blinks!
The fire elemental hits you. The fire elemental burns you!
You die...

.....# .....
...# ####...# ##
. #..#...#..#
... #.))......#
....###)......##
##......###....
#....§E@.# ...
#$.#..#.$# . ##
#..#### #.. .e.
.... ..### ...


You could see a fire elemental (summoned).

Vanquished Creatures
  A two-headed ogre (D:9)
  Pikel (D:7)
  Joseph (D:7)
  Maggie (D:9)
  Psyche (D:9)
  A kobold demonologist (D:6)
  A queen bee (shapeshifter) (D:9)
  A hornet (D:10)
  Prince Ribbit (D:5)
  2 wyverns
  6 yaks (D:9)
  A steam dragon (D:7)
  Grum (D:8)
  Menkaure (D:3)
  Edmund (D:5)
  3 water moccasins
  An orc warrior (D:6)
  A black bear (D:8)
  2 sky beasts
  4 wolves
  3 centaurs
  3 kobold brigands
  2 bullfrogs
  3 scorpions
  A wyvern zombie (D:5)
  A gnoll sergeant (D:8)
  A water moccasin zombie (D:6)
  5 killer bees
  7 wights
  An electric eel (D:6)
  A bullfrog zombie (D:6)
  2 centaur zombies
  4 hounds
  3 jellies
  2 bullfrog skeletons
  2 orc priests
  A gnoll shaman (D:6)
  Terence (D:2)
  2 iguanas (D:5)
  3 orc wizards
  A scorpion zombie (D:3)
  2 killer bee zombies (D:6)
  A hound skeleton (D:4)
  A howler monkey zombie (D:8)
  Robin (D:3)
  4 gnolls
  9 adders
  3 shadow imps
  2 white imps
  An ufetubus (D:6)
  2 adder skeletons
  4 worms
  3 dart slugs
  18 orcs
  6 ball pythons
  9 bats
  8 endoplasms
  3 giant cockroaches
  13 goblins
  6 hobgoblins
  7 jackals
  14 kobolds
  4 quokkas
  A ball python skeleton (D:3)
  7 frilled lizards
  6 rats
216 creatures vanquished.

Vanquished Creatures (others)
  5 fungi (D:2)
  10 plants
15 creatures vanquished.

Grand Total: 231 creatures vanquished

Notes
Turn   | Place    | Note
-------+----------+-------------------------------------------
     0 | D:1      | ytrimaz the Minotaur Berserker began the quest for the Orb.
     0 | D:1      | Reached XP level 1. HP: 19/19 MP: 0/0
   487 | D:1      | Reached XP level 2. HP: 20/27 MP: 1/1
  1032 | D:1      | Reached XP level 3. HP: 25/33 MP: 2/2
  1371 | D:1      | Reached ** piety under Trog
  1507 | D:2      | Reached skill level 5 in Axes
  1815 | D:2      | Reached XP level 4. HP: 41/41 MP: 3/3
  1961 | D:2      | Found a faded altar of an unknown god.
  2175 | D:2      | Noticed Terence
  2185 | D:2      | Killed Terence
  2798 | D:3      | Reached skill level 5 in Fighting
  2798 | D:3      | Reached XP level 5. HP: 43/48 MP: 4/4
  2877 | D:3      | Reached *** piety under Trog
  3081 | D:3      | Reached XP level 6. HP: 52/56 MP: 5/5
  3081 | D:3      | Found a basalt altar of Yredelemnul.
  3081 | D:3      | Found an ancient bone altar of Kikubaaqudgha.
  3082 | D:3      | Noticed Menkaure
  3094 | D:3      | Found a transporter.
  3124 | D:3      | Found a transporter.
  3459 | D:3      | Noticed Robin
  3470 | D:3      | Killed Robin
  3714 | D:4      | Identified the +0 leather armour of the Chupacabra {Int+5}
  4112 | D:5      | Entered Level 5 of the Dungeon
  4122 | D:5      | Found Etsunaps's Jewellery Boutique.
  4124 | D:5      | Found a burning altar of Makhleb.
  4178 | D:5      | Noticed Prince Ribbit
  4395 | D:5      | Killed Prince Ribbit
  4396 | D:5      | Reached XP level 7. HP: 63/63 MP: 4/6
  4904 | D:5      | Reached **** piety under Trog
  5074 | D:5      | Noticed Edmund
  5081 | D:5      | Killed Edmund
  5082 | D:5      | Reached XP level 8. HP: 71/71 MP: 5/7
  5236 | D:5      | Found a staircase to the Ecumenical Temple.
  5449 | D:6      | Reached skill level 1 in Maces & Flails
  5553 | D:6      | Reached skill level 5 in Armour
  6029 | D:6      | Reached skill level 1 in Shields
  6645 | D:6      | Noticed a kobold demonologist
  6764 | D:6      | Reached XP level 9. HP: 18/82 MP: 5/8
  7005 | D:6      | Killed a kobold demonologist
  7006 | D:6      | Reached skill level 5 in Maces & Flails
  7360 | D:7      | Identified the +8 dagger "Moqekyt" {vorpal, rPois rF+
                  | Dex+10 Stlth+}
  7712 | D:7      | Found a large runed translucent door.
  7713 | D:7      | Found a large runed translucent door.
  7714 | D:7      | Noticed Joseph
  7722 | D:7      | Killed Joseph
  7735 | D:7      | Reached ***** piety under Trog
  7740 | D:7      | Found a shimmering altar of Xom.
  8164 | D:7      | Noticed Pikel
  8172 | D:7      | Killed Pikel
  8482 | D:8      | Reached XP level 10. HP: 83/89 MP: 9/9
  8604 | D:8      | Found the +9 heavy crossbow "Sniper" {vorpal, Acc+∞ SInv}
  9041 | D:3      | Killed Menkaure
  9041 | D:3      | Received a gift from Trog
  9554 | D:8      | Found a shimmering blue altar of Sif Muna.
 10686 | D:9      | Noticed Grum
 10691 | D:9      | Reached skill level 1 in Crossbows
 10691 | D:9      | Noticed a two-headed ogre
 10695 | D:8      | Killed Grum
 11011 | D:9      | Killed a two-headed ogre
 11012 | D:9      | Reached skill level 10 in Fighting
 11246 | D:9      | Noticed Psyche
 11254 | D:9      | Killed Psyche
 11340 | D:9      | Noticed Maggie
 11342 | D:9      | Killed Maggie
 11343 | D:9      | Reached skill level 10 in Maces & Flails
 11388 | D:9      | Found an opulent altar of Gozag.
 11839 | D:10     | Entered Level 10 of the Dungeon
 11842 | D:10     | Reached XP level 11. HP: 101/101 MP: 10/10
 11857 | D:10     | Noticed a deep elf pyromancer
 11869 | D:10     | Reached skill level 5 in Dodging
 11874 | D:10     | Slain by a fire elemental

Illustrated notes

Levels and vault maps discovered:
D:1:      minmay_arrival_stair_chambers, layout_basic, serial_bayou_pond_a,
          st_stairs_11, bh_walls_and_bars
D:2:      layout_loops_ring, dreamdust_ecumenical_altar_hidden_monk_grotto,
          serial_bayou_pond_b, due_unseen_surprise, uniq_terence
D:3:      layout_basic, gammafunk_temple_of_torment, uniq_robin
D:4:      layout_rooms, chequers_serial_rivers_large_b,
          kennysheep_decorative_pillar
D:5:      layout_rooms, mainiacjoe_overflow_tiny_flanked,
          minmay_temple_entry_gardened_gates, serial_shops, shop,
          uniq_prince_ribbit1, uniq_edmund
D:6:      minmay_clustersquares, layout_layer_cave, serial_rivers,
          chequers_serial_rivers_room_b, chequers_serial_rivers_micro_a,
          chequers_serial_rivers_small_3, chequers_serial_rivers_large_a,
          minivault_14, st_stairs_3
D:7:      due_chaos_kobolds, layout_basic, uniq_joseph, uniq_pikel
D:8:      layout_basic, old_standard_altar, hangedman_abyss_or_decor_stagger,
          hangedman_abyss_or_decor_lesser_grid
D:9:      layout_rooms, mainiacjoe_overflow_six_doors_small,
          serial_bayou_pond_a, grunt_decor_clamped, uniq_psyche, uniq_grum,
          uniq_maggie
D:10:     hangedman_cross_cluster, layout_cave_pools, okawaru_humans,
          david_lair_generic, grunt_decor_cap, dk_rats_in_the_wall, uniq_sonja

Skill      XL: |  1  2  3  4  5  6  7  8  9 10 11 |
---------------+----------------------------------+-----
Axes           | 4 5 6 8 9 |  9.6
Fighting       | 4 5 6 8 9 10 | 10.8
Armour         | 3 4 6 7 8 |  8.9
Maces & Flails | 4 8 10 | 10.2
Shields        | 1 3 4 |  4.0
Dodging        | 3 4 5 |  5.0
Crossbows      | 3 |  3.8

Action                   |  1- 3 |  4- 6 |  7- 9 | 10-12 || total
-------------------------+-------+-------+-------+-------++-------
Melee: Hand axe          |    73 |   158 |    38 |       ||   269
       Headbutt          |     9 |    21 |    59 |    19 ||   108
       Flail             |       |       |   181 |    86 ||   267
 Fire: Heavy crossbow    |       |       |       |    15 ||    15
Invok: Berserk           |     1 |     3 |     2 |     4 ||    10
  Use: Scroll            |     3 |     3 |     5 |     3 ||    14
       Potion            |       |       |       |     1 ||     1
 Stab: Sleeping          |       |     1 |       |       ||     1
Armor: Animal skin       |    32 |     2 |       |       ||    34
       Plate armour      |       |    85 |   114 |    81 ||   280
Dodge: Dodged            |    69 |    67 |    70 |    44 ||   250
Block: Buckler           |       |       |    23 |    29 ||    52

Table legend: (Time is in decaauts)
 A = Elapsed time spent in this place.
 B = Non-inter-level travel time spent in this place.
 C = Inter-level travel time spent in this place.
 D = Time resting spent in this place.
 E = Time spent auto-exploring this place.
 F = Levels seen in this place.
 G = Mean time per level.
                   A        B        C        D        E       F      G
               +--------+--------+--------+--------+--------+-----+--------+
         Total |  12048 |  11180 |    868 |   2152 |   7085 |  10 | 1204.8 |
       Dungeon |  12048 |  11180 |    868 |   2152 |   7085 |  10 | 1204.8 |
               +--------+--------+--------+--------+--------+-----+--------+

Top non-repeatable levels by time:
     D:8: 2166 daAuts
     D:6: 2117 daAuts
     D:1: 1488 daAuts
     D:2: 1285 daAuts
     D:5: 1177 daAuts
     D:7: 1147 daAuts
     D:3: 1040 daAuts
     D:4: 847 daAuts
     D:9: 739 daAuts
    D:10: 38 daAuts
